 Dungeon Crawl Stone Soup version 0.27.1-33-g824d729ab1 (webtiles) character file.

Game seed: 11543465557863275580

7970 Descartes the Grappler (level 11, -2/101 HPs)
             Began as a Troll Delver on Dec 14, 2021.
             Was an Initiate of Gozag.
             Slain by a vampire (10 damage)
             ... on level 10 of the Dungeon.
             The game lasted 00:21:27 (9023 turns).

Descartes the Grappler (Troll Delver)               Turns: 9023, Time: 00:21:28

Health: -2/101     AC:  5    Str: 22    XL:     11   Next: 3%
Magic:  14/14      EV: 10    Int:  9    God:    Gozag
Gold:   1728       SH: 16    Dex: 11    Spells: 11/15 levels left

rFire    . . .     SeeInvis .     - Unarmed
rCold    . . .     Faith    .   K - +2 kite shield
rNeg     . . .     Spirit   .   a - +0 robe
rPois    .         Reflect  +   (helmet restricted)
rElec    .         Harm     .   A - +0 cloak
rCorr    .         Rampage  .   (gloves unavailable)
Will     ++...                  (boots unavailable)
Stlth    ++........             d - amulet of reflection
HPRegen  1.26/turn              u - ring of willpower
MPRegen  0.14/turn              L - ring of willpower

@: no status effects
A: large, unfitting armour, claws 3, regeneration 1, shaggy fur 1, tough skin 1
a: Renounce Religion, Potion Petition, Call Merchant, Bribe Branch


You were on level 10 of the Dungeon.
You worshipped Gozag.
Gozag was most pleased with you.
You visited 2 branches of the dungeon, and saw 11 of its levels.

You collected 2192 gold pieces.
You paid 464 gold pieces to Gozag.

Inventory:

Hand Weapons
 m - a +4 shortbow
Missiles
 n - 318 arrows
 r - 69 poisoned darts (quivered)
 t - 4 large rocks
 E - 8 javelins
 F - 326 stones
 G - 75 sling bullets
 J - 7 boomerangs of dispersal
 M - a curare-tipped dart
Armour
 a - a +0 robe (worn)
 A - a +0 cloak (worn)
 K - a +2 kite shield (worn)
Jewellery
 d - an amulet of reflection (around neck)
 u - a ring of willpower (left claw)
 H - an amulet of magic regeneration
 L - a ring of willpower (right claw)
Wands
 f - a wand of digging (3)
 k - a wand of iceblast (4)
 y - a wand of flame (38)
 N - a wand of paralysis (13)
Scrolls
 b - a scroll of fog
 c - a scroll of magic mapping
 l - 3 scrolls of vulnerability {unknown}
 o - 5 scrolls of amnesia {unknown}
 p - 7 scrolls of identify {unknown}
 q - 4 scrolls of noise {unknown}
 s - 3 scrolls of blinking {unknown}
 v - a scroll of brand weapon {unknown}
 w - 2 scrolls of teleportation {unknown}
 x - 2 scrolls of torment {unknown}
 C - a scroll of enchant armour {unknown}
Potions
 e - a potion of haste
 g - 4 potions of might {unknown}
 h - 2 potions of brilliance {unknown}
 i - a potion of lignification {unknown}
 j - 9 potions of curing
 z - a potion of mutation {unknown}
 B - 2 potions of attraction {unknown}
 D - a potion of flight {unknown}
 I - 3 potions of ambrosia {unknown}
 O - a potion of degeneration {unknown}


   Skills:
 + Level 4.6 Fighting
 + Level 7.5 Dodging
 - Level 2.7 Stealth
 + Level 2.9 Shields
 * Level 12.3 Unarmed Combat
 + Level 2.7 Spellcasting


You had 11 spell levels left.
You knew the following spells:

 Your Spells              Type           Power      Damage    Failure   Level
a - Airstrike             Air            0%         N/A       100%        4

Your spell library contained the following spells:

 Spells                   Type           Power      Damage    Failure   Level
 Magic Dart               Conj           4%         1d3       75%         1
 Pain                     Necr           4%         1d4       75%         1
 Shock                    Conj/Air       4%         1d3       75%         1
 Summon Small Mammal      Summ           4%         N/A       75%         1
 Searing Ray              Conj           2%         3d3       86%         2
 Static Discharge         Conj/Air       1%         N/A       86%         2
 Call Canine Familiar     Summ           1%         N/A       98%         3
 Dazzling Flash           Conj/Hex       2%         N/A       98%         3
 Summon Guardian Golem    Hex/Summ       1%         N/A       98%         3
 Swiftness                Air            1%         N/A       98%         3
 Dispel Undead            Necr           1%         3d6       100%        4
 Fulminant Prism          Conj/Hex       0%         3d6       100%        4
 Iskenderun's Mystic Bla  Conj/Tloc      1%         2d3       100%        4
 Sticky Flame             Conj/Fire      1%         2d3       100%        4
 Agony                    Necr           1%         N/A       100%        5
 Excruciating Wounds      Necr           0%         N/A       100%        5
 Starburst                Conj/Fire      0%         6d3       100%        6


Dungeon Overview and Level Annotations

Branches:
Dungeon (10/15)            Temple (1/1) D:5            Lair (0/6) D:9
    Orc: D:9-12

Altars:
Ashenzari
Cheibriados
Dithmenos
Elyvilon
Fedhas
Gozag
Hepliaklqana
Kikubaaqudgha
Makhleb
Nemelex Xobeh
Okawaru
Qazlal
Ru
Sif Muna
Trog
Uskayaw
Vehumet
Wu Jian
Xom
Yredelemnul
Zin
The Shining One

Shops:
D:7 ?

Annotations:
D:10 3 runed translucent doors, Moto's ghost, journeyman MiBe


Innate Abilities, Weirdness & Mutations

You are too large for most types of armour.
You have claws for hands.
Your natural rate of healing is unusually fast.
You are covered in fur. (AC +1)
You have tough skin. (AC +1)


Message History

No target in view!
No target in view!
No target in view!
No target in view!
No target in view!
No target in view!
No target in view!
No target in view!
No target in view!
No target in view!
No target in view!
No target in view!
Something hits you but does no damage. Something bites you but does no damage.
You closely miss something. Something hits you! Something bites you.
Something draws strength from your injuries!
You closely miss something. Something completely misses you.
Something bites you!
Something draws strength from your injuries!
You barely miss something. Something hits you! Something bites you!
Something draws strength from your injuries!
You scratch something but do no damage. Something hits you!
You block something's attack.
You miss something. Something hits you but does no damage. Something bites you!
Something draws strength from your injuries!
You barely miss something. Something hits you.
Something bites you but does no damage.
You barely miss something. Something hits you! Something bites you!
* * * LOW HITPOINT WARNING * * *
Something draws strength from your injuries!
You closely miss something. Something hits you!
* * * LOW HITPOINT WARNING * * *
Something bites you but does no damage.
You miss something. You block something's attack. Something bites you.
* * * LOW HITPOINT WARNING * * *
Something draws strength from your injuries!
You claw something! Something draws life force from you!
* * * LOW HITPOINT WARNING * * *
You miss something. You block something's attack. Something bites you!
You die...
Your body crumbles into a pile of gold.

..# #........# ##.......# ..#
#........# #....#..# ..#
#........# #....#..# ..#
#........# #....#..#
..###........# #....#..#
.............# #.......#
.#######'#############......#
.#.....#.............#......#
.'.....#........@{...#.##...#
.#.....#.............#.##...#
.#.....#.............#......#
.###########+#########......#
.....<......................#
.............#####..........#
.............# #..........#
.............# #..........#
......#####..#####..........#


There were no monsters in sight!

Vanquished Creatures
  3 two-headed ogres
  A kobold demonologist (D:8)
  3 trolls
  3 slime creatures (D:9)
  Sigmund (D:2)
  A wraith (D:10)
  A vampire (D:10)
  A yak (D:8)
  5 steam dragons
  Menkaure (D:7)
  A sky beast (D:5)
  An ice beast (D:8)
  2 hornet zombies
  2 orc warriors
  6 centaurs
  3 kobold brigands
  3 bullfrogs
  2 water moccasin skeletons
  4 killer bees
  3 wights (D:9)
  An electric eel (D:7)
  A howler monkey (D:6)
  5 centaur zombies
  A centaur skeleton (D:4)
  3 hounds
  2 orc priests
  Crazy Yiuf (D:4)
  Ijyb (D:4)
  4 iguanas (D:5)
  11 orc wizards
  Natasha (thrice) (D:2)
  A howler monkey zombie (D:8)
  A howler monkey skeleton (D:4)
  Robin (D:2)
  2 gnolls
  6 adders
  A white imp (D:8)
  An adder skeleton (D:4)
  2 worms
  3 dart slugs
  33 orcs
  2 ball pythons
  6 endoplasms
  3 giant cockroaches
  12 goblins
  4 hobgoblins
  4 jackals (D:1)
  3 quokkas
  13 bats
  A frilled lizard (D:1)
  16 kobolds
  6 rats
201 creatures vanquished.

Vanquished Creatures (others)
  11 fungi
  9 plants (D:3)
20 creatures vanquished.

Grand Total: 221 creatures vanquished

Notes
Turn   | Place    | Note
-------+----------+-------------------------------------------
     0 | D:5      | Descartes the Troll Delver began the quest for the Orb.
     0 | D:5      | Reached XP level 1. HP: 22/22 MP: 0/0
    28 | D:5      | Noticed a hound
    34 | D:5      | Killed a hound
    35 | D:5      | Reached skill level 3 in Unarmed Combat
    35 | D:5      | Reached XP level 2. HP: 29/29 MP: 1/1
    35 | D:5      | Reached XP level 3. HP: 36/36 MP: 2/2
    42 | D:5      | Noticed a centaur
    43 | D:5      | Noticed a sky beast
    92 | D:5      | Found a broken altar of Ashenzari.
   155 | D:5      | Reached XP level 4. HP: 32/44 MP: 3/3
   227 | D:6      | Noticed an orc warrior
   231 | D:6      | Reached skill level 4 in Unarmed Combat
   240 | D:6      | Killed an orc warrior
   241 | D:6      | Reached XP level 5. HP: 34/50 MP: 4/4
   272 | D:5      | Reached skill level 5 in Unarmed Combat
   428 | D:5      | Reached XP level 6. HP: 59/59 MP: 5/5
   498 | D:5      | Reached skill level 6 in Unarmed Combat
   526 | D:5      | Learned a level 4 spell: Airstrike
   593 | D:5      | Found a staircase to the Ecumenical Temple.
   610 | D:5      | Reached XP level 7. HP: 39/66 MP: 6/6
   618 | Temple   | Entered the Ecumenical Temple
   821 | Temple   | Became a worshipper of Gozag Ym Sagoz the Greedy
  1090 | D:5      | Noticed a steam dragon
  1092 | D:5      | Noticed a steam dragon
  1105 | D:5      | You fall into a shaft and drop 2 floors!
  1242 | D:7      | Found Nenwovoj's Magic Scroll Boutique.
  1269 | D:7      | Noticed a steam dragon
  1277 | D:7      | Killed a steam dragon
  1278 | D:7      | Reached skill level 7 in Unarmed Combat
  1387 | D:7      | Reached XP level 8. HP: 69/74 MP: 7/7
  1452 | D:7      | Reached skill level 8 in Unarmed Combat
  1455 | D:7      | Reached skill level 5 in Dodging
  1509 | D:6      | Found a basalt altar of Yredelemnul.
  1777 | D:5      | Reached skill level 9 in Unarmed Combat
  2226 | D:4      | Noticed Ijyb
  2237 | D:4      | Killed Ijyb
  2424 | D:4      | Found a sacrificial altar of Ru.
  2434 | D:4      | Found a bloodstained altar of Trog.
  2491 | D:4      | Found a runed translucent door.
  2492 | D:4      | Noticed Crazy Yiuf
  2499 | D:4      | Killed Crazy Yiuf
  2694 | D:2      | Reached XP level 9. HP: 71/80 MP: 8/8
  2721 | D:2      | Noticed Sigmund
  2729 | D:2      | Killed Sigmund
  2730 | D:2      | Reached skill level 10 in Unarmed Combat
  3031 | D:2      | Noticed Robin
  3044 | D:2      | Killed Robin
  3181 | D:2      | Noticed Natasha
  3185 | D:2      | Killed Natasha
  3245 | D:2      | Noticed Natasha
  3248 | D:2      | Killed Natasha
  3581 | D:2      | Noticed Natasha
  3595 | D:2      | Killed Natasha
  3724 | D:1      | Found a faded altar of an unknown god.
  5813 | D:7      | Noticed Menkaure
  5818 | D:7      | Killed Menkaure
  5979 | D:8      | Noticed a two-headed ogre
  5987 | D:8      | Noticed a two-headed ogre
  6199 | D:8      | Noticed a troll
  6204 | D:8      | Killed a troll
  6275 | D:8      | Noticed a kobold demonologist
  6291 | D:8      | Killed a kobold demonologist
  6292 | D:8      | Reached skill level 1 in Spellcasting
  6296 | D:8      | Reached skill level 11 in Unarmed Combat
  6559 | D:8      | Reached XP level 10. HP: 86/91 MP: 11/11
  7044 | D:8      | Killed a two-headed ogre
  7045 | D:8      | Reached skill level 1 in Shields
  7215 | D:7      | Killed a two-headed ogre
  7784 | D:9      | Reached skill level 12 in Unarmed Combat
  7863 | D:9      | Noticed a two-headed ogre
  7869 | D:9      | Killed a two-headed ogre
  7874 | D:9      | Found a hide-covered altar of Uskayaw.
  7984 | D:9      | Found a staircase to the Lair.
  8005 | D:9      | Found a stormy altar of Qazlal.
  8298 | D:10     | Entered Level 10 of the Dungeon
  8640 | D:10     | Reached XP level 11. HP: 101/101 MP: 14/14
  8917 | D:10     | Found a runed translucent gate.
  8917 | D:10     | Found a runed translucent gate.
  8917 | D:10     | Found a runed translucent gate.
  8918 | D:10     | Noticed Moto's ghost (journeyman MiBe)
  9023 | D:10     | Slain by a vampire

Illustrated notes

Levels and vault maps discovered:
D:1:      dpeg_arrival_arbitrary_c, layout_loops_ring,
          shapermc_ecumenical_altar_acropolis
D:2:      layout_basic, minmay_fractal_squares_gapless_5, uniq_robin,
          uniq_natasha, uniq_sigmund
D:3:      layout_loops_ring, roderic_batcave, serial_bayou_lake_a
D:4:      kennysheep_six_static_rooms, layout_rooms,
          amethyst_overflow_temple_binary, uniq_ijyb, uniq_crazy_yiuf_cottage
D:5:      kennysheep_steamy, layout_rooms, ashenzari_conservatory_becter,
          minmay_temple_entry_sparse_star, corexii_leaking_fountain
D:6:      layout_cave_pools, mainiacjoe_overflow_paths
D:7:      layout_loops_ring, serial_shops, shop_scrolls, fountainhead,
          uniq_menkaure
D:8:      hangedman_cross_stitches, layout_cave_pods
D:9:      layout_gridville, nicolae_uskayaw_murder_on_the_dancefloor,
          nicolae_qazlal_eye_of_the_storm, dk_noncrumbling_3,
          minmay_misc_feat_encased
D:10:     layout_stronghold, gammafunk_ghost_nasty_kobolds,
          chequers_decorated_corner
Temple:   eino_temple_scatter_basement

Skill      XL: |  1  2  3  4  5  6  7  8  9 10 |
---------------+-------------------------------+-----
Dodging        | 2 3 4 5 6 7 |  7.5
Unarmed Combat | 3 4 5 6 7 9 11 12 | 12.3
Spellcasting   | 1 2 |  2.7
Fighting       | 3 4 |  4.6
Shields        | 2 |  2.9
Stealth        | |  2.7

Action                   |  1- 3 |  4- 6 |  7- 9 | 10-12 || total
-------------------------+-------+-------+-------+-------++-------
Melee: Unarmed           |    17 |    68 |   378 |   167 ||   630
       Punch             |       |     5 |    11 |       ||    16
Invok: Potion Petition   |       |       |       |     1 ||     1
  Use: Scroll            |       |       |     1 |       ||     1
 Stab: Sleeping          |     1 |       |    14 |       ||    15
       Distracted        |       |       |     1 |     1 ||     2
Armor: Robe              |     4 |    31 |    65 |    34 ||   134
Dodge: Dodged            |     6 |    30 |   151 |    62 ||   249
Block: Other             |       |       |    63 |       ||    63
       Kite shield       |       |       |    16 |   135 ||   151
       Reflection        |       |       |     4 |     5 ||     9
